 Dungeon Crawl Stone Soup version 0.32-a0-42-ga30500b4d3 (webtiles) character file.

Game seed: 17605294053782952398

1285 IdlyInterested the Blocker (level 8, 0/60 HPs)
             Began as a Demonspawn Fighter on Jan 29, 2024.
             Slain by an ogre
             ... wielding a +0 giant spiked club
              (29 damage)
             ... on level 5 of the Dungeon.
             The game lasted 00:19:57 (5337 turns).

IdlyInterested the Blocker (Demonspawn Fighter)     Turns: 5337, Time: 00:19:58

Health: 0/60       AC:  6    Str: 27    XL:     8   Next: 29%
Magic:  8/8        EV: 17    Int:  9    God:
Gold:   250        SH:  6    Dex: 13    Spells: 7/7 levels left

rFire   + + .        e - +0 mace
rCold   . . .        c - +0 buckler
rNeg    . . .        n - +2 leather armour {rF+}
rPois   .            (no helmet)
rElec   +            (no cloak)
rCorr   +            y - +0 pair of gloves
SInv    .            (no boots)
Will    .....        (no amulet)
Stlth   ++           C - ring of Socvon Iqao {rElec rF+ rCorr Str+8 Int-3}
HPRegen 0.30/turn    B - +5 ring of evasion
MPRegen 0.11/turn

%: no passive effects
@: no status effects
A: foul stench 1, big brain 2, weakness stinger 2
a: no special abilities


You were on level 5 of the Dungeon.
You visited 1 branch of the dungeon, and saw 5 of its levels.

You collected 250 gold pieces.

Inventory:

Hand Weapons
 a - a +0 flail
 e - a +0 mace (weapon)
 i - a +0 morningstar
 z - a +0 whip
 D - a +0 eveningstar
Missiles
 h - 13 boomerangs
 m - 3 poisoned darts (quivered)
 s - 3 curare-tipped darts
Armour
 c - a +0 buckler (worn)
 d - a +2 robe of positive energy
 n - a +2 leather armour of fire resistance (worn)
 w - a +0 kite shield
 y - a +0 pair of gloves (worn)
 A - a +0 chain mail
Magical Staves
 g - a staff of conjuration
Jewellery
 l - a ring of see invisible
 p - a ring of willpower
 r - a ring of flight
 B - a +5 ring of evasion (right hand)
 C - the ring of Socvon Iqao (left hand) {rElec rF+ rCorr Str+8 Int-3}
   (You found it on level 4 of the Dungeon)

   [ring of resist corrosion]

   Str+8:     It affects your strength (+8).
   Int-3:     It affects your intelligence (-3).
   rF+:       It protects you from fire.
   rElec:     It insulates you from electricity.
   rCorr:     It protects you from acid and corrosion.
Wands
 u - a wand of mindburst (6)
Scrolls
 j - 2 scrolls of acquirement
 k - 4 scrolls of teleportation
 o - a scroll of silence
 t - a scroll of brand weapon
 x - a scroll of blinking {unknown}
 F - a scroll of torment {unknown}
Potions
 b - a potion of brilliance
 f - a potion of ambrosia {unknown}
 q - a potion of curing
 v - 2 potions of enlightenment {unknown}
 E - 2 potions of magic {unknown}


   Skills:
 - Level 4.0 Fighting
 - Level 2.0 Maces & Flails
 - Level 2.0 Throwing
 - Level 3.0 Armour
 - Level 2.0 Dodging
 - Level 2.0 Stealth
 * Level 8.0 Shields
 + Level 1.3 Evocations
 - Level 1.0 Shapeshifting


You had 7 spell levels left.
You didn't know any spells.
Your spell library was empty.

Dungeon Overview and Level Annotations

Branches:
Dungeon (5/15)             Temple (0/1) D:5

Altars:
Sif Muna
Uskayaw

Shops:
D:4 [=((


Innate Abilities, Weirdness & Mutations

You may rarely emit foul miasma when damaged in melee.
You have an extremely huge brain. (Int +4)
You have a tail ending in a sharp stinger.


Message History

Items here: )))))) [ †††.
d - a +2 robe of positive energy
Things that are here:
a +0 short sword; a +0 chain mail; the elf corpse of Duvessa
Things that are here:
a +0 dagger; a +0 robe You start resting.
You feel a little less mighty now.
You start resting.
HP restored.
Okay, then.
Okay, then.
Found a kite shield.
Found a leather armour.
An orc comes into view. It is wielding a +0 mace.
Found a whip.
Found 2 scrolls labelled GARANICSIA.
Found a staircase to the Ecumenical Temple.
An ogre comes into view. It is wielding a +0 giant spiked club.
The ogre shouts!
You see here a +0 kite shield.
w - a +0 kite shield You barely miss the ogre.
The ogre hits you with a +0 giant spiked club!
You hit the ogre.
The ogre is lightly wounded.
The ogre completely misses you.
You barely miss the ogre. You tail-slap the ogre!
The ogre is moderately wounded.
The ogre hits you with a +0 giant spiked club!!
You hit the ogre.
The ogre is moderately wounded.
The ogre misses you.
You barely miss the ogre.
Your tail-slap misses the ogre.
The ogre is moderately wounded.
The ogre misses you.
You closely miss the ogre.
The ogre is moderately wounded.
The ogre hits you with a +0 giant spiked club!!
You die...

# ####. .# ... .
##....... .. .##### . ###
........# ..##......### .
####.. ....)..
.#..#.#.#..#. . ^.##.#
#..#. #....#.....<.. #.
#.##.#
#..##....#..#.#....
#.##.##.# #.O...>.....
.##...
#....##.#######.@#....##.
#......
.............##.#.?..#..#
#######
###.............#..#.# .
....)##.###...#..##...#
###.#)..................
#.#.)...#...####..###.# #
#.#.....##.## .[.o .# #
#.#.....##.# ### # #
###.#.....##.# #######


You could see an ogre.

Vanquished Creatures
  2 black bears (D:4)
  7 scorpions
  Dowan (D:5)
  A hound (D:4)
  3 bombardier beetles
  An orc priest (D:5)
  A gnoll bouda (D:5)
  2 iguanas (D:4)
  11 gnolls
  7 adders
  3 ribbon worms
  20 orcs
  4 ball pythons
  5 endoplasms
  6 giant cockroaches
  9 goblins
  10 hobgoblins
  8 jackals
  4 kobolds
  8 quokkas
  16 bats
  7 rats
136 creatures vanquished.

Vanquished Creatures (collateral kills)
  Duvessa (D:5)
1 creature vanquished.

Grand Total: 137 creatures vanquished

Notes
Turn   | Place    | Note
-------+----------+-------------------------------------------
     0 | D:1      | IdlyInterested the Demonspawn Fighter began the quest for
                  | the Orb.
     0 | D:1      | Reached XP level 1. HP: 18/18 MP: 1/1
   107 | D:1      | Found a faded altar of an unknown god.
   109 | D:1      | Gained mutation: You may rarely emit foul miasma when
                  | damaged in melee. [demonic ancestry]
   109 | D:1      | Reached XP level 2. HP: 24/24 MP: 2/2
   549 | D:1      | Reached skill level 1 in Throwing
   642 | D:1      | Gained mutation: You have a small tail. [demonic ancestry]
   642 | D:1      | Reached XP level 3. HP: 28/30 MP: 3/3
  1740 | D:3      | Reached skill level 3 in Shields
  1748 | D:3      | Identified a scroll of acquirement
  1812 | D:3      | Reached XP level 4. HP: 7/37 MP: 4/4
  2176 | D:3      | Reached skill level 1 in Dodging
  2957 | D:3      | Found a hide-covered altar of Uskayaw.
  3180 | D:3      | Reached skill level 1 in Stealth
  3180 | D:3      | Reached skill level 4 in Shields
  3180 | D:3      | Reached XP level 5. HP: 39/42 MP: 5/5
  3378 | D:4      | Found Idyno's Antique Weapon Shop.
  3398 | D:4      | Reached skill level 1 in Evocations
  3417 | D:4      | Reached skill level 5 in Shields
  3417 | D:4      | Gained mutation: You have a tail ending in a sharp stinger.
                  | [demonic ancestry]
  3417 | D:4      | Reached XP level 6. HP: 8/48 MP: 6/6
  3727 | D:4      | Found Osiqif's Weapon Shop.
  3880 | D:4      | Found Atocwi's Jewellery Emporium.
  3903 | D:4      | Found a shimmering blue altar of Sif Muna.
  3955 | D:4      | HP: 1/48 [gnoll/+0 spear (6)]
  4152 | D:4      | Found Kecogh's Antique Armour Emporium.
  4220 | D:4      | Reached skill level 1 in Shapeshifting
  4364 | D:4      | Reached skill level 6 in Shields
  4371 | D:4      | Gained mutation: You have an unusually large brain. (Int
                  | +2) [demonic ancestry]
  4371 | D:4      | Reached XP level 7. HP: 46/54 MP: 7/7
  4480 | D:4      | Identified the ring of Socvon Iqao {rElec rF+ rCorr Str+8
                  | Int-3}
  4488 | D:4      | Reached skill level 7 in Shields
  4742 | D:5      | Entered Level 5 of the Dungeon
  5083 | D:5      | Gained mutation: You have an extremely huge brain. (Int +4)
                  | [demonic ancestry]
  5083 | D:5      | Reached XP level 8. HP: 60/60 MP: 8/8
  5158 | D:5      | Noticed Dowan
  5160 | D:5      | Noticed Duvessa
  5167 | D:5      | Killed Dowan
  5179 | D:5      | Killed Duvessa
  5196 | D:5      | Reached skill level 8 in Shields
  5326 | D:5      | Found a staircase to the Ecumenical Temple.
  5337 | D:5      | Slain by an ogre

Illustrated notes

Levels and vault maps discovered:
D:1:      minmay_arrival_diagonal_passages, layout_loops_cross,
          shapermc_ecumenical_altar_ellora
D:2:      layout_loops_ring
D:3:      minmay_inner_zag, layout_loops_corners, tso_altar,
          eat_drink_and_be_merry_uskayaw
D:4:      old_forge, layout_basic, nicolae_sif_muna_condensation, serial_shops,
          nicolae_stop_n_shop_1, shop, shop, nicolae_shop_back_alley_shop,
          chequers_avenue, grunt_ministairs_2
D:5:      layout_loops_ring, minmay_temple_entry_mini_moons, uniq_duvessa

Skill      XL: |  1  2  3  4  5  6  7  8 |
---------------+-------------------------+-----
Armour         | 3 |  3.0
Throwing       | 1 2 |  2.0
Fighting       | 4 |  4.0
Shields        | 3 4 5 6 7 8 |  8.0
Dodging        | 1 2 |  2.0
Stealth        | 1 2 |  2.0
Evocations     | 1 |  1.3
Shapeshifting  | 1 |  1.0
Maces & Flails | 2 |  2.0

Action                     |  1- 3 |  4- 6 |  7- 9 || total
---------------------------+-------+-------+-------++-------
  Melee: Flail             |   154 |   204 |    66 ||   424
         Tailslap          |     7 |    29 |    10 ||    46
         Mace              |       |       |    30 ||    30
  Throw: Stone             |     1 |    13 |     6 ||    20
         Dart              |       |     4 |     5 ||     9
         Boomerang         |       |     1 |       ||     1
  Evoke: Wand              |       |       |     4 ||     4
    Use: Scroll            |     4 |     2 |     4 ||    10
         Potion            |     2 |     4 |     2 ||     8
   Stab: Distracted        |       |       |     1 ||     1
 Armour: Scale mail        |    84 |       |       ||    84
         Leather armour    |    34 |   145 |    49 ||   228
  Dodge: Dodged            |    82 |   125 |    81 ||   288
  Block: Buckler           |    47 |    56 |    33 ||   136

Table legend: (Time is in decaauts)
 A = Elapsed time spent in this place.
 B = Non-inter-level travel time spent in this place.
 C = Inter-level travel time spent in this place.
 D = Time resting spent in this place.
 E = Time spent auto-exploring this place.
 F = Levels seen in this place.
 G = Mean time per level.
                   A        B        C        D        E       F      G
               +--------+--------+--------+--------+--------+-----+--------+
         Total |   5490 |   5158 |    332 |   1182 |   2496 |   5 | 1098.0 |
       Dungeon |   5490 |   5158 |    332 |   1182 |   2496 |   5 | 1098.0 |
               +--------+--------+--------+--------+--------+-----+--------+

Top non-repeatable levels by time:
     D:4: 1529 daAuts
     D:3: 1498 daAuts
     D:1: 1002 daAuts
     D:2: 856 daAuts
     D:5: 603 daAuts
